 Dungeon Crawl Stone Soup version 0.23.2-1-ga50397a6bc (webtiles) character file.

Game seed: 13235768282455164764

72 Menchi the Shield-Bearer (level 4, -7/41 HPs)
             Began as a Gnoll Fighter on May 3, 2019.
             Killed by divine providence
             ... invoked by an orc priest
              (17 damage)
             ... on level 3 of the Dungeon.
             The game lasted 00:02:32 (1721 turns).

Menchi the Shield-Bearer (Gnoll Fighter)            Turns: 1721, Time: 00:02:32

Health: -7/41      AC:  7    Str: 19    XL:     4   Next: 25%
Magic:  5/5        EV:  8    Int: 10    God:
Gold:   111        SH: 10    Dex: 15    Spells: 5/5 levels left

rFire    + . .     SeeInvis .   a - +1 long sword
rCold    + . .     Gourm    .   c - +0 shield
rNeg     . . .     Faith    .   b - +0 scale mail
rPois    .         Spirit   .   (no helmet)
rElec    .         Reflect  .   h - scarf {rC+ rF+}
rCorr    .         Harm     .   (no gloves)
MR       .....                  (no boots)
Stlth    ..........             l - amulet of regeneration
HPRegen  0.53/turn              (no ring)
MPRegen  0.09/turn              (no ring)

@: no status effects
A: distributed training, fangs 1, strong nose
a: no special abilities


You were on level 3 of the Dungeon.
You were not hungry.

You visited 1 branch of the dungeon, and saw 3 of its levels.

You collected 111 gold pieces.

Inventory:

Hand Weapons
 a - a +1 long sword (weapon)
Armour
 b - a +0 scale mail (worn)
 c - a +0 shield (worn)
 h - a scarf of resistance (worn)
Jewellery
 l - an amulet of regeneration (around neck)
Scrolls
 j - 2 scrolls of remove curse
 k - a scroll of enchant weapon
 m - 2 scrolls of identify
 o - a scroll of fog
Potions
 d - 3 potions of might
 e - a potion of flight
 g - 2 potions of curing
 i - 2 potions of agility {unknown}
Comestibles
 f - 3 rations
 n - 3 chunks of flesh


   Skills:
 + Level 6.6 Fighting
 + Level 1.0 Short Blades
 + Level 4.6 Long Blades
 + Level 1.0 Axes
 + Level 1.0 Maces & Flails
 + Level 1.0 Polearms
 + Level 1.0 Staves
 + Level 1.0 Slings
 + Level 1.0 Bows
 + Level 1.0 Crossbows
 + Level 1.0 Throwing
 + Level 6.6 Armour
 + Level 1.0 Dodging
 + Level 1.0 Stealth
 + Level 6.6 Shields
 + Level 1.0 Unarmed Combat
 + Level 1.0 Spellcasting
 + Level 0.8 Conjurations
 + Level 0.8 Hexes
 + Level 0.8 Charms
 + Level 0.8 Summonings
 + Level 0.8 Necromancy
 + Level 0.8 Translocations
 + Level 0.8 Transmutations
 + Level 0.8 Fire Magic
 + Level 0.8 Ice Magic
 + Level 0.8 Air Magic
 + Level 0.8 Earth Magic
 + Level 0.8 Poison Magic
 + Level 1.1 Invocations
 + Level 1.0 Evocations


You had 5 spell levels left.
You didn't know any spells.
Your spell library was empty.

Dungeon Overview and Level Annotations

Branches:
Dungeon (3/15)

Altars:
Okawaru
Sif Muna
The Shining One


Innate Abilities, Weirdness & Mutations

Your experience applies equally to all skills.
You have very sharp teeth.
Your uncanny sense of smell can sniff out nearby items.


Message History

You block the orc priest's attack.
You closely miss the orc priest.
The orc priest is moderately wounded.
The orc priest begins to cast a cantrip, but forgets the words!
The orc hits you but does no damage. You block the orc priest's attack.
You closely miss the orc priest. You bite the orc priest.
The orc priest is moderately wounded.
The orc hits you but does no damage. You block the orc's attack.
You block the orc priest's attack.
You hit the orc priest. You bite the orc priest.
The orc priest is heavily wounded.
The orc hits you with a +0 hand axe. You block the orc's attack.
The orc barely misses you.
The orc priest calls down the wrath of Beogh upon you.
Beogh smites you!
* * * LOW HITPOINT WARNING * * *
You feel better. The orc barely misses you.
The orc priest invokes the aid of Beogh against you.
Beogh smites you!
You die...

........#.....#.###...#..........
........#.....#...............###
........#.....#..................
........#.....#..............)...
........#.....#..................
#########.....#..................
#...).#..................
.....#..................
......o@................
......oo##..######.##...
........###.## #.##... ........#
#..# ###'##... ........#
##.###....#... ........#
#........#... #....#+##
##.......#... #.... #...##.#####
#.... #.........


You could see an orc priest and 2 orcs.

Vanquished Creatures
  An ooze (D:1)
  2 dart slugs (D:1)
  2 leopard geckos
  An orc (D:3)
  10 bats
  7 giant cockroaches
  2 goblins
  4 hobgoblins
  4 jackals (D:2)
  5 frilled lizards
  12 kobolds
  8 rats
58 creatures vanquished.

Notes
Turn   | Place    | Note
-------+----------+-------------------------------------------
     0 | D:1      | Menchi the Gnoll Fighter began the quest for the Orb.
     0 | D:1      | Reached XP level 1. HP: 23/23 MP: 1/1
   119 | D:1      | Reached XP level 2. HP: 29/29 MP: 2/2
   510 | D:1      | Reached XP level 3. HP: 31/35 MP: 3/3
   913 | D:2      | Reached skill level 1 in Invocations
   993 | D:2      | Found a deep blue altar of Sif Muna.
   995 | D:2      | Found a glowing golden altar of the Shining One.
  1094 | D:2      | Found an iron altar of Okawaru.
  1261 | D:2      | Reached skill level 1 in Short Blades
  1261 | D:2      | Reached skill level 1 in Axes
  1261 | D:2      | Reached skill level 1 in Maces & Flails
  1261 | D:2      | Reached skill level 1 in Polearms
  1261 | D:2      | Reached skill level 1 in Staves
  1261 | D:2      | Reached skill level 1 in Slings
  1261 | D:2      | Reached skill level 1 in Bows
  1261 | D:2      | Reached skill level 1 in Crossbows
  1261 | D:2      | Reached skill level 1 in Throwing
  1261 | D:2      | Reached skill level 1 in Dodging
  1261 | D:2      | Reached skill level 1 in Stealth
  1261 | D:2      | Reached skill level 1 in Unarmed Combat
  1261 | D:2      | Reached skill level 1 in Spellcasting
  1261 | D:2      | Reached skill level 1 in Evocations
  1266 | D:2      | Reached XP level 4. HP: 40/41 MP: 5/5
  1721 | D:3      | Killed from afar by an orc priest

Skill      XL: |  1  2  3 |
---------------+----------+-----
Invocations    | 1 |  1.1
Short Blades   | 1 |  1.0
Axes           | 1 |  1.0
Maces & Flails | 1 |  1.0
Polearms       | 1 |  1.0
Staves         | 1 |  1.0
Slings         | 1 |  1.0
Bows           | 1 |  1.0
Crossbows      | 1 |  1.0
Throwing       | 1 |  1.0
Dodging        | 1 |  1.0
Stealth        | 1 |  1.0
Unarmed Combat | 1 |  1.0
Spellcasting   | 1 |  1.0
Evocations     | 1 |  1.0
Fighting       | |  6.6
Long Blades    | |  4.6
Armour         | |  6.6
Shields        | |  6.6
Conjurations   | |  0.8
Hexes          | |  0.8
Charms         | |  0.8
Summonings     | |  0.8
Necromancy     | |  0.8
Translocations | |  0.8
Transmutations | |  0.8
Fire Magic     | |  0.8
Ice Magic      | |  0.8
Air Magic      | |  0.8
Earth Magic    | |  0.8
Poison Magic   | |  0.8

Action                   |  1- 3 |  4- 6 || total
-------------------------+-------+-------++-------
Melee: Long sword        |    98 |    35 ||   133
       Bite              |    12 |     5 ||    17
  Use: Scroll            |       |    10 ||    10
       Potion            |       |     2 ||     2
  Eat: Chunk             |     1 |     2 ||     3
Armor: Scale mail        |    40 |    17 ||    57
Dodge: Dodged            |    31 |    19 ||    50
Block: Shield            |    57 |    23 ||    80
       Rpst.: Long sword |    10 |     5 ||    15
